 Dungeon Crawl Stone Soup version 0.23.0 (webtiles) character file.

Game seed: 12559748028703408386

65 Gorice the Skirmisher (level 4, -5/42 HPs)
             Began as a Hill Orc Wanderer on Feb 9, 2019.
             Slain by Natasha (6 damage)
             ... on level 2 of the Dungeon.
             The game lasted 00:06:10 (1398 turns).

Gorice the Skirmisher (Hill Orc Wanderer)           Turns: 1398, Time: 00:06:12

Health: -5/42      AC:  8    Str: 13    XL:     4   Next: 14%
Magic:  4/4        EV:  6    Int: 14    God:
Gold:   86         SH:  0    Dex: 10    Spells: 3/3 levels left

rFire    . . .     SeeInvis .   a - +2 quarterstaff
rCold    . . .     Gourm    .   (shield currently unavailable)
rNeg     . . .     Faith    .   m - +0 chain mail
rPois    .         Spirit   .   (no helmet)
rElec    .         Reflect  .   (no cloak)
rCorr    .         Harm     .   (no gloves)
MR       .....                  (no boots)
Stlth    ..........             (no amulet)
HPRegen  0.14/turn              (no ring)
MPRegen  0.09/turn              (no ring)

@: slowed, very slow
A: no striking features
a: no special abilities


You were on level 2 of the Dungeon.
You were not hungry.

You visited 1 branch of the dungeon, and saw 2 of its levels.

You collected 86 gold pieces.

Inventory:

Hand Weapons
 a - a +2 quarterstaff (weapon)
 e - a +0 dagger
 g - a +1 dagger of protection
   (You found it on level 1 of the Dungeon)
Missiles
 j - 38 sling bullets
 Y - 40 stones (quivered)
Armour
 d - a +0 robe
 m - a +0 chain mail (worn)
Scrolls
 h - a scroll of teleportation {unknown}
 i - a scroll of identify {unknown}
 n - a scroll of amnesia
Potions
 c - a potion of lignification {!q}
 k - a potion of heal wounds {unknown}
 o - a potion of invisibility {unknown}
 p - a potion of cancellation {unknown}
Comestibles
 f - 5 rations
 l - 10 chunks of flesh


   Skills:
 + Level 5.3 Fighting
 - Level 1.0 Staves
 - Level 1.0 Throwing
 + Level 1.9 Armour
 - Level 2.4 Dodging
 - Level 1.5 Stealth


You had 3 spell levels left.
You didn't know any spells.
Your spell library was empty.

Dungeon Overview and Level Annotations

Branches:
Dungeon (2/15)

Altars:

Annotations:
D:2 Natasha


Message History

Natasha is almost dead.
Natasha zaps a wand.
The puff of flame hits you! Natasha claws you.
Damage: 12 (max 12)
Your chain mail prevents you from hitting Natasha.
Natasha is almost dead.
Natasha casts a spell at you.
You feel yourself slow down.
You closely miss Natasha.
Natasha is almost dead.
Natasha zaps a wand.
The puff of flame hits you. Natasha barely misses you.
Damage: 3 (max 12)
Your chain mail prevents you from hitting Natasha.
Natasha is almost dead.
Natasha claws you.
Natasha zaps a wand.
The puff of flame hits you!
Damage: 13 (max 13)
You hit Natasha.
Natasha is almost dead.
Natasha casts a spell.
Natasha claws you!
* * * LOW HITPOINT WARNING * * *
Damage: 7 (max 13)
You are too injured to fight recklessly!
You are too injured to fight recklessly!
You are too injured to fight recklessly!
You feel better. Natasha casts a spell at you. You resist with some effort.
You closely miss Natasha.
Natasha is almost dead.
Natasha mumbles some strange words.
The crimson imp barely misses you.
Natasha zaps a wand.
The puff of flame hits you.
* * * LOW HITPOINT WARNING * * *
Damage: 6 (max 13)
You closely miss Natasha.
Natasha is almost dead.
Natasha claws you.
* * * LOW HITPOINT WARNING * * *
The crimson imp hits you.
* * * LOW HITPOINT WARNING * * *
Natasha zaps a wand.
The puff of flame hits you!
* * * LOW HITPOINT WARNING * * *
The crimson imp hits you but does no damage.
You miss Natasha.
Natasha is almost dead.
Natasha growls.
Natasha barely misses you.
The crimson imp hits you but does no damage.
Natasha claws you.
You die...

#.......# #...[...# #.......#
########### #.......# ..........#
####.#.### ..>.......#####
#.#..># #
..............######.#.#.########
..........)...................##.
###############.@5##.#.#..###..#.
#####h.....##....#... ########
##.....##.#.#####...#. .......#
##.....5.#.#....####... .......#
#..........##.#........
<......####..........##.#######..
.............h.......##)### #..
.......###...........##...######.
.......####......................


You could see Natasha, a crimson imp and a shadow imp.

Vanquished Creatures
  Natasha (D:2)
  An adder (D:2)
  4 giant cockroaches
  7 goblins
  4 hobgoblins
  A quokka (D:2)
  A ball python (D:1)
  5 bats
  A frilled lizard (D:1)
  A kobold (D:1)
  3 rats
29 creatures vanquished.

Notes
Turn   | Place    | Note
-------+----------+-------------------------------------------
     0 | D:1      | Gorice the Hill Orc Wanderer began the quest for the Orb.
     0 | D:1      | Gorice set off with the following items: a +2 quarterstaff,
                  | a potion of curing, a potion of lignification {!q}, a +0
                  | robe, a +0 dagger, a ration
     0 | D:1      | Reached XP level 1. HP: 19/19 MP: 1/1
   152 | D:1      | Reached skill level 4 in Fighting
   318 | D:1      | Reached XP level 2. HP: 26/27 MP: 2/2
  1103 | D:2      | Noticed Natasha
  1108 | D:2      | Killed Natasha
  1108 | D:2      | Reached skill level 5 in Fighting
  1108 | D:2      | Reached skill level 1 in Armour
  1108 | D:2      | Reached XP level 3. HP: 29/36 MP: 3/3
  1306 | D:2      | Reached XP level 4. HP: 41/42 MP: 4/4
  1383 | D:2      | Noticed Natasha
  1394 | D:2      | HP: 7/42 [Natasha (7)]
  1397 | D:2      | HP: 1/42 [Natasha/wand of flame (18) (7)]
  1398 | D:2      | Slain by Natasha

Skill      XL: |  1  2 |
---------------+-------+-----
Fighting       | 4 5 |  5.3
Armour         | 1 |  1.9
Staves         | |  1.0
Throwing       | |  1.0
Dodging        | |  2.4
Stealth        | |  1.5

Action                   |  1- 3 |  4- 6 || total
-------------------------+-------+-------++-------
Melee: Quarterstaff      |    76 |     9 ||    85
Throw: Stone             |     3 |       ||     3
  Use: Scroll            |     3 |       ||     3
       Potion            |       |     1 ||     1
  Eat: Chunk             |     1 |     1 ||     2
Armor: Robe              |    13 |       ||    13
       Chain mail        |    28 |     3 ||    31
Dodge: Dodged            |    40 |     3 ||    43

Table legend:
 A = Turns spent in this place as a percentage of turns spent in the entire game.
 B = Non-inter-level travel turns spent in this place as a percentage of non-inter-level travel turns spent in the entire game.
 C = Inter-level travel turns spent in this place as a percentage of turns spent in this place.
 D = Turns resting spent in this place as a percentage of non-inter-level travel turns spent in this place.
 E = Turns spent auto-exploring this place as a percentage of non-inter-level travel turns spent in this place.
 F = Non-inter-level travel turns spent in this place divided by the number of levels of this place that you've seen.
                   A       B       C       D       E      F
               +-------+-------+-------+-------+-------+----------------------
         Total | 100.0 | 100.0 |   1.9 |  18.3 |  47.1 | 685.5
       Dungeon | 100.0 | 100.0 |   1.9 |  18.3 |  47.1 | 685.5
               +-------+-------+-------+-------+-------+----------------------

Levels and vault maps discovered:
D:1:      arrival_zaba_pyramid, layout_basic
D:2:      layout_rooms, first_ration, uniq_natasha, uniq_crazy_yiuf_cottage
